 Dungeon Crawl Stone Soup version 0.31.0-9-g3a7656b989 (webtiles) character file.

Game seed: 11506729403847515387

37 qw the Shooter (level 3, -2/20 HPs)
             Began as a Deep Elf Hunter on Feb 2, 2024.
             Slain by a goblin
             ... wielding a +0 club
             ... led by Robin
              (4 damage)
             ... on level 2 of the Dungeon.
             The game lasted 00:00:02 (817 turns).

qw the Shooter (Deep Elf Hunter)                     Turns: 817, Time: 00:00:03

Health: -2/20      AC:  8    Str: 10    XL:     3   Next: 23%
Magic:  5/5        EV: 11    Int: 13    God:
Gold:   89         SH:  0    Dex: 18    Spells: 2/2 levels left

rFire   . . .        a - +0 shortbow
rCold   . . .        (shield currently unavailable)
rNeg    . . .        h - +0 ring mail
rPois   .            (no helmet)
rElec   .            (no cloak)
rCorr   +            j - +2 pair of gloves
SInv    .            (no boots)
Will    .....        (no amulet)
Stlth   +            d - ring of resist corrosion
HPRegen 0.23/turn    (no ring)
MPRegen 0.09/turn

%: no passive effects
@: no status effects
A: no striking features
a: no special abilities


You were on level 2 of the Dungeon.
You visited 1 branch of the dungeon, and saw 2 of its levels.

You collected 89 gold pieces.


   Skills:
 - Level 1.5 Fighting
 + Level 6.8 Ranged Weapons
 - Level 2.4 Dodging
 - Level 1.2 Stealth


You had 2 spell levels left.
You didn't know any spells.
Your spell library was empty.

Inventory:

Hand Weapons
 a - a +0 shortbow (weapon)
Armour
 h - a +0 ring mail (worn)
 i - a +2 ring mail of poison resistance
 j - a +2 pair of gloves (worn)
Jewellery
 d - a ring of resist corrosion (left hand)
Scrolls
 b - a scroll of identify
 e - a scroll of fear {unknown}
 f - a scroll of enchant armour
Potions
 g - 2 potions of brilliance {unknown}

Dungeon Overview and Level Annotations

Branches:
Dungeon (2/15)

Altars:

Annotations:
D:2 Robin


Message History

You kill the goblin!
The goblin hits you but does no damage. The goblin barely misses you.
You shoot an arrow. The arrow closely misses the goblin.
The arrow misses the goblin.
The arrow hits Robin.
Robin is moderately wounded.
The goblin barely misses you. The goblin hits you with a +0 club.
The goblin closely misses you.
Robin roars a battlecry!
The goblins go into a battle-frenzy!
You shoot an arrow. The arrow hits the goblin.
The goblin is heavily wounded.
The hobgoblin hits you. The goblin closely misses you. x2
You shoot an arrow. The arrow hits the goblin.
You kill the goblin!
The hobgoblin barely misses you. Robin throws the goblin at you!
The goblin hits you but does no damage.
You shoot an arrow. The arrow barely misses the goblin.
The hobgoblin closely misses you. The goblin closely misses you.
The goblin hits you but does no damage. x2
You shoot an arrow. The arrow hits the goblin.
The goblin is heavily wounded.
The hobgoblin barely misses you.
The goblin hits you but does no damage. x2
The goblin barely misses you. The goblin hits you but does no damage.
The goblin hits you with a +0 club. The goblin closely misses you.
The hobgoblin completely misses you. Robin throws the goblin at you!
The goblin hits you but does no damage.
You shoot an arrow. The arrow closely misses the goblin.
The goblin hits you but does no damage. The goblin hits you with a +0 dagger.
The hobgoblin hits you but does no damage.
The goblin hits you with a +0 club. The goblin barely misses you.
You shoot an arrow. The arrow hits the goblin.
You kill the goblin!
The goblin hits you but does no damage. The goblin hits you with a +0 club.
The hobgoblin closely misses you. The goblin hits you with a +0 club.
A hobgoblin comes into view.
Robin closely misses you.
You shoot an arrow. The arrow closely misses Robin.
The hobgoblin shouts!
The goblin barely misses you. The goblin hits you with a +0 club.
You die...

....+....'...'............
.# #....######.......# .#
#...## .####....##
.####..## .. #.....#
.....### # .. ###...#
.....# #|##. #...# ..####
..r####...# .##
.g######g##...# ##
...)).g@).....# #
##.(..ggg.##### ##
####.....# .# ....####.# #
. ###.. ..# # #..... ..#
## .....$...## .#
..######. .# ##


You could see Robin, a quokka, 2 hobgoblins and 3 goblins.

Vanquished Creatures
  An adder (D:2)
  A dart slug (D:2)
  2 endoplasms (D:1)
  4 giant cockroaches
  4 goblins (D:2)
  A hobgoblin (D:2)
  2 jackals (D:2)
  3 kobolds (D:1)
  A quokka (D:2)
  A bat (D:2)
  3 frilled lizards
  A rat (D:1)
24 creatures vanquished.

Notes
Turn   | Place    | Note
-------+----------+-------------------------------------------
     0 | D:1      | qw the Deep Elf Hunter began the quest for the Orb.
     0 | D:1      | Reached XP level 1. HP: 12/12 MP: 3/3
     0 | D:1      | 0 ||| qw: Version: 0.3-a-155-g5e7d8dd
     0 | D:1      | 0 ||| qw: Game counter: 1275
     0 | D:1      | 0 ||| qw: Melee chars always use a shield: true
     0 | D:1      | 0 ||| qw: God list: Okawaru
     0 | D:1      | 0 ||| qw: Allow faded altars: false
     0 | D:1      | 0 ||| qw: Do Orc after clearing Dungeon:15 true
     0 | D:1      | 0 ||| qw: Do second Lair branch before Depths: true
     0 | D:1      | 0 ||| qw: Lair rune preference: random
     0 | D:1      | 0 ||| qw: Goals: Normal
     0 | D:1      | 0 ||| PLANNING D:1-11
   261 | D:1      | Reached XP level 2. HP: 16/16 MP: 4/4
   277 | D:1      | Reached skill level 6 in Ranged Weapons
   588 | D:1      | 588 ||| UPGRADING to +2 pair of gloves.
   593 | D:1      | 593 ||| UPGRADING to ring of resist corrosion.
   594 | D:1      | 594 ||| DROPPING ring of flight.
   595 | D:1      | 595 ||| READING 2 scrolls labelled FUPTUTHRU SAAP.
   595 | D:1      | 595 ||| IDENTIFYING viscous orange potion
   596 | D:1      | 596 ||| READING scroll of identify.
   596 | D:1      | 596 ||| IDENTIFYING 2 emerald potions
   597 | D:1      | 597 ||| READING 2 scrolls labelled OCETZY YTAKLYU.
   597 | D:1      | 597 ||| ENCHANTING +0 shortbow.
   598 | D:1      | 598 ||| READING scroll labelled MILES SUNOSM.
   603 | D:1      | 603 ||| READING scroll labelled PIT NA KU ISOS.
   604 | D:1      | 604 ||| DROPPING scroll of butterflies.
   605 | D:1      | 605 ||| DROPPING 2 potions of attraction.
   606 | D:1      | 606 ||| DROPPING potion of ambrosia.
   740 | D:2      | Reached XP level 3. HP: 20/20 MP: 5/5
   787 | D:2      | 787 ||| UPGRADING to +0 ring mail.
   788 | D:2      | 788 ||| UPGRADING to +0 ring mail.
   794 | D:2      | Noticed Robin
   798 | D:2      | 798 ||| DROPPING +0 leather armour.
   799 | D:2      | 799 ||| UPGRADING to +2 ring mail of poison resistance.
   816 | D:2      | HP: 4/20 [goblin/+0 club[Robin] (5)]
   816 | D:2      | HP: 1/20 [goblin/+0 club[Robin] (3)]
   817 | D:2      | Slain by a goblin

Levels and vault maps discovered:
D:1:      dpeg_arrival_court, layout_basic, minmay_heptomino_l4
D:2:      layout_basic, minmay_puff, uniq_robin, uniq_natasha

Skill      XL: |  1  2 |
---------------+-------+-----
Ranged Weapons | 6 |  6.8
Fighting       | |  1.5
Dodging        | |  2.4
Stealth        | |  1.2

Action                     || total
---------------------------++-------
   Fire: Shortbow          ||    58
    Use: Scroll            ||     5
 Armour: Leather armour    ||     3
         Ring mail         ||    22
  Dodge: Dodged            ||    18

Table legend:
 A = Non-vault XP
 B = Vault XP
 C = Vault XP percentage of total XP
 D = Non-vault monster count
 E = Vault monster count
 F = Vault count percentage of total count
                 A         B        C        D         E       F
            +---------+---------+-------+---------+---------+-------
      Total |      41 |      13 |  24.1 |      17 |       7 |  29.2
            +---------+---------+-------+---------+---------+-------
        D:1 |      14 |       3 |  17.6 |       9 |       2 |  18.2
        D:2 |      27 |      10 |  27.0 |       8 |       5 |  38.5
            +---------+---------+-------+---------+---------+-------
